 Dungeon Crawl Stone Soup version 0.29-a0-284-gf9362112df (webtiles) character file.

Game seed: 8969358022449395221

14026 siradein the Merchant of Misery (level 11, -2/94 HPs)
             Began as a Black Draconian Necromancer on Mar 22, 2022.
             Was a Believer of Kikubaaqudgha.
             Slain by a white ugly thing (26 damage)
             ... on level 11 of the Dungeon.
             The game lasted 00:50:44 (16932 turns).

siradein the Merchant of Misery (DrNe)             Turns: 16932, Time: 00:50:45

Health: -2/94      AC: 15    Str: 11    XL:     11   Next: 83%
Magic:  13/21      EV: 17    Int: 19    God:    Kikubaaqudgha [**....]
Gold:   204        SH:  9    Dex: 12    Spells: 1/24 levels left

rFire   . . .      SeeInvis .   J - +2 morningstar
rCold   . . .      Faith    .   w - +0 kite shield
rNeg    . . .      Spirit   .   (body armour unavailable)
rPois   .          Reflect  .   (helmet restricted)
rElec   +          Harm     .   m - +2 cloak
rCorr   .          Rampage  .   F - +2 pair of gloves
Will    .....                   y - +1 pair of boots
Stlth   ++........              s - amulet of the acrobat
HPRegen 0.25/turn               M - +4 ring of evasion
MPRegen 0.17/turn               D - +4 ring of slaying

@: lethally poisoned (-2 -> -15), slowed, very slow
A: breathe lightning, AC +7, unfitting armour, electricity resistance,
cold-blooded
a: Breathe Lightning, Renounce Religion, Receive Corpses


You were on level 11 of the Dungeon.
You worshipped Kikubaaqudgha.
Kikubaaqudgha was pleased with you.
You visited 2 branches of the dungeon, and saw 12 of its levels.

You collected 429 gold pieces.
You spent 225 gold pieces at shops.

Inventory:

Hand Weapons
 J - a +2 morningstar (weapon)
Missiles
 j - 6 curare-tipped darts
 v - 2 throwing nets
Armour
 m - a +2 cloak (worn)
 w - a +0 kite shield (worn)
 y - a +1 pair of boots (worn)
 F - a +2 pair of gloves (worn)
Jewellery
 s - an amulet of the acrobat (around neck)
 z - a ring of resist corrosion
 D - a +4 ring of slaying (right hand)
 L - a +6 ring of intelligence
 M - a +4 ring of evasion (left hand)
Wands
 t - a wand of flame (22)
 u - a wand of mindburst (12)
 B - a wand of polymorph (17)
 E - a wand of iceblast (13)
 I - a wand of paralysis (3)
Scrolls
 b - 5 scrolls of enchant weapon
 c - 3 scrolls of silence {unknown}
 d - 5 scrolls of teleportation
 i - a scroll of summoning {unknown}
 k - 3 scrolls of magic mapping
 o - a scroll of enchant armour
 p - a scroll of blinking {unknown}
 q - a scroll of torment {unknown}
 r - 4 scrolls of fear {unknown}
 G - a scroll of vulnerability {unknown}
 N - 3 scrolls of identify
 Q - a scroll of fog {unknown}
Potions
 a - 2 potions of magic
 e - 2 potions of degeneration {unknown}
 f - 3 potions of invisibility
 g - 2 potions of haste
 h - 2 potions of brilliance
 l - a potion of cancellation
 n - 2 potions of might {unknown}
 x - 3 potions of flight {unknown}
 A - a potion of resistance {unknown}
 C - a potion of experience {unknown}
 H - a potion of berserk rage {unknown}
 K - 2 potions of lignification {unknown}
 O - a potion of curing {unknown}
 P - 2 potions of ambrosia {unknown}


   Skills:
 + Level 8.0 Fighting
 + Level 7.2 Maces & Flails
 + Level 7.0 Dodging
 - Level 1.7 Stealth
 + Level 6.6 Shields
 + Level 7.1 Spellcasting
 * Level 11.3 Necromancy


You had one spell level left.
You knew the following spells:

 Your Spells              Type           Power      Damage    Failure   Level
a - Vampiric Draining     Necr           49%        2d9       1%          3
b - Dispel Undead         Necr           49%        3d18      2%          4
c - Animate Dead          Necr           24%        N/A       2%          4
d - Pain                  Necr           100%       1d9       1%          1
e - Death Channel         Necr           24%        N/A       36%         6
f - Borgnjor's Vile Clut  Necr/Erth      14%        N/A       56%         5

Your spell library contained the following spells:

 Spells                   Type           Power      Damage    Failure   Level
 Animate Skeleton         Necr           98%        N/A       1%          1
 Magic Dart               Conj           24%        1d4       26%         1
 Sting                    Tmut/Pois      24%        1d4       26%         1
 Sublimation of Blood     Necr           49%        N/A       1%          2
 Corpse Rot               Necr/Air       56%        N/A       3%          2
 Agony                    Necr           49%        N/A       7%          5
 Excruciating Wounds      Necr           24%        N/A       7%          5
 Call Imp                 Summ           6%         N/A       36%         2
 Ignite Poison            Fire/Tmut/Pois 6%         N/A       61%         3
 Mephitic Cloud           Conj/Pois/Air  6%         N/A       61%         3
 Ozocubu's Armour         Ice            6%         N/A       61%         3
 Spider Form              Tmut/Pois      6%         N/A       61%         3
 Petrify                  Tmut/Erth      6%         N/A       95%         4
 Blade Hands              Tmut           3%         N/A       100%        5
 Irradiate                Conj/Tmut      3%         3d14      100%        5
 Ozocubu's Refrigeration  Ice            3%         4d5       100%        7


Dungeon Overview and Level Annotations

Branches:
Dungeon (11/15)            Temple (1/1) D:6            Lair (0/6) D:10
    Orc (0/2) D:10

Altars:
Ashenzari
Cheibriados
Dithmenos
Elyvilon
Fedhas
Gozag
Hepliaklqana
Kikubaaqudgha
Makhleb
Nemelex Xobeh
Okawaru
Qazlal
Ru
Sif Muna
Trog
Uskayaw
Vehumet
Wu Jian
Xom
Yredelemnul
Zin
The Shining One

Shops:
D:3 ?[(:!

Annotations:
D:11 exclusion: oklob sapling


Innate Abilities, Weirdness & Mutations

You can breathe wild blasts of lightning.
Your glossy black scales are hard. (AC +7)
You cannot fit into any form of body armour.
You are resistant to electric shocks. (rElec)
You are cold-blooded and may be slowed by cold attacks.


Message History

You puncture the green ugly thing!
You tail-slap the green ugly thing, but do no damage.
The green ugly thing is moderately wounded.
The green ugly thing completely misses you.
You puncture the green ugly thing! You tail-slap the green ugly thing.
The green ugly thing is heavily wounded.
The green ugly thing pecks you but does no damage.
The white ugly thing gurgles horribly!
You puncture the green ugly thing!
The green ugly thing is heavily wounded.
The green ugly thing pecks you.
You block the green ugly thing's attack.
You draw life force from the green ugly thing!
You feel life coursing into your body. The green ugly thing pecks you.
You are poisoned.
The green ugly thing poisons you!
You closely miss the green ugly thing.
The green ugly thing is severely wounded.
You feel extremely sick.
A ball python comes into view.
The green ugly thing basks in the mutagenic energy from its kin and changes!
You draw life force from the white ugly thing!
You feel life coursing into your body.
The ball python hisses angrily.
You feel extremely sick.
You draw life force from the white ugly thing!
You kill the white ugly thing!
Kikubaaqudgha accepts your kill.
You feel life coursing into your body.
You feel very sick.
You puncture the white ugly thing!
Your tail-slap misses the white ugly thing.
The white ugly thing is lightly wounded.
You feel very sick. The white ugly thing pecks you.
The white ugly thing freezes you!!
You feel yourself slow down. The white ugly thing pecks you!
* * * LOW HITPOINT WARNING * * *
The white ugly thing freezes you!!
You die...
Kikubaaqudgha rasps: "You have failed me!
Welcome... death!"

....+...>.....'.........
.#.##.........####...##.
## # #.......###....u...
##.# ##.....## #.# ...#
##...## #.# #########'##
#.# #....[..# #S#
#.####..# #u#
####....#..# #@#
......#....#####.#
###..............#
#..#.....#######
#..#.....# #..##....#
#........# #..>....##
#######.#


You could see a white ugly thing and a ball python.

Vanquished Creatures
  2 two-headed ogres
  A wizard (D:9)
  An ugly thing (D:11)
  Joseph (D:8)
  2 unseen horrors (D:11)
  Maggie (D:7)
  4 trolls
  A wraith (D:11)
  7 yaks
  A wyvern (D:10)
  4 vampire mosquitoes (D:10)
  An acid dragon (D:10)
  2 water moccasins
  8 orc warriors
  2 ice beasts (D:6)
  2 sky beasts
  4 black bears
  8 ogres
  5 centaurs
  7 bullfrogs
  4 kobold brigands
  5 gnoll sergeants
  5 scorpions
  2 necrophages
  31 wights
  5 killer bees (D:9)
  4 howler monkeys
  3 gnoll shamans
  8 orc priests
  5 hounds
  Jessica (D:2)
  16 orc wizards
  An iguana (Temple)
  23 gnolls
  7 adders
  A white imp (D:6)
  33 orcs
  5 ball pythons
  7 bats
  4 endoplasms
  4 giant cockroaches (D:4)
  4 goblins
  5 hobgoblins
  6 jackals
  6 quokkas
  3 frilled lizards
  14 kobolds
  3 rats (D:3)
279 creatures vanquished.

Vanquished Creatures (collateral kills)
  Snorg (D:10)
1 creature vanquished.

Vanquished Creatures (others)
  An orc (D:10)
  20 plants
21 creatures vanquished.

Grand Total: 301 creatures vanquished

Notes
Turn   | Place    | Note
-------+----------+-------------------------------------------
     0 | D:1      | siradein the Draconian Necromancer began the quest for the
                  | Orb.
     0 | D:1      | Reached XP level 1. HP: 14/14 MP: 3/3
   448 | D:1      | Reached XP level 2. HP: 22/22 MP: 5/5
  1386 | D:2      | Noticed Jessica
  1388 | D:2      | Killed Jessica
  1389 | D:2      | Reached skill level 1 in Fighting
  1389 | D:2      | Reached skill level 1 in Maces & Flails
  1389 | D:2      | Reached XP level 3. HP: 25/28 MP: 3/6
  1393 | D:2      | Learned a level 3 spell: Vampiric Draining
  1513 | D:2      | Found a faded altar of an unknown god.
  2103 | D:2      | Reached XP level 4. HP: 30/35 MP: 1/7
  2574 | D:3      | Noticed an angel
  2574 | D:3      | Found a glowing silver altar of Zin.
  2575 | D:3      | Found a shimmering altar of Xom.
  2708 | D:3      | Found Pomuimm's Antique Armour Emporium.
  2804 | D:3      | Found Dauh's Distillery.
  3057 | D:3      | Found Gyadwilo's Book Shop.
  3070 | D:3      | Found Daipoad's Weapon Shoppe.
  3098 | D:3      | Found Voxzy's Magic Scroll Shoppe.
  3487 | D:3      | Reached XP level 5. HP: 41/41 MP: 1/8
  3492 | D:3      | Learned a level 4 spell: Animate Dead
  3630 | D:4      | Reached skill level 5 in Necromancy
  4165 | D:5      | Entered Level 5 of the Dungeon
  4469 | D:5      | Reached XP level 6. HP: 48/49 MP: 3/10
  5074 | D:5      | Your scales start taking on a glossy black colour.
  5074 | D:5      | Reached XP level 7. HP: 52/57 MP: 2/11
  5074 | D:5      | Gained mutation: You are resistant to electric shocks.
                  | (rElec) [Black Draconian growth]
  5263 | D:5      | Reached skill level 6 in Necromancy
  5601 | D:5      | Reached skill level 1 in Shields
  6024 | D:6      | Found a staircase to the Ecumenical Temple.
  6037 | Temple   | Entered the Ecumenical Temple
  6314 | Temple   | Learned a level 4 spell: Dispel Undead
  6497 | D:5      | Reached XP level 8. HP: 45/66 MP: 1/13
  6925 | D:6      | Reached skill level 7 in Necromancy
  8277 | D:7      | Reached XP level 9. HP: 64/73 MP: 15/15
  8280 | D:7      | Found an ancient bone altar of Kikubaaqudgha.
  8336 | D:7      | Became a worshipper of Kikubaaqudgha
  8545 | D:7      | Reached skill level 5 in Fighting
  8692 | D:7      | Reached skill level 8 in Necromancy
  9326 | D:7      | Got the Catalogue of Transmutation
  9391 | D:7      | Reached skill level 5 in Spellcasting
  9464 | D:7      | Reached skill level 5 in Dodging
  9704 | D:7      | Reached skill level 5 in Maces & Flails
  9754 | D:7      | Reached * piety under Kikubaaqudgha
  9754 | D:7      | Received a gift from Kikubaaqudgha
  9888 | D:7      | Noticed Maggie
  9903 | D:7      | Killed Maggie
 10153 | D:3      | Bought a pair of glowing gloves for 225 gold pieces
 10384 | D:7      | Reached skill level 9 in Necromancy
 10394 | D:7      | Reached XP level 10. HP: 81/82 MP: 3/18
 10557 | D:7      | Found a shadowy altar of Dithmenos.
 10949 | D:8      | Noticed Joseph
 10959 | D:8      | Killed Joseph
 11044 | D:8      | Noticed a two-headed ogre
 11061 | D:8      | Killed a two-headed ogre
 11692 | D:8      | Reached skill level 5 in Shields
 12160 | D:9      | Noticed a wizard
 12170 | D:9      | Killed a wizard
 12367 | D:9      | Reached skill level 10 in Necromancy
 12450 | D:9      | Reached ** piety under Kikubaaqudgha
 12719 | D:9      | Learned a level 6 spell: Death Channel
 13273 | D:10     | Entered Level 10 of the Dungeon
 13319 | D:9      | Reached XP level 11. HP: 89/92 MP: 16/20
 13432 | D:10     | Found a glowing golden altar of the Shining One.
 13573 | D:10     | Found a shimmering blue altar of Sif Muna.
 13780 | D:10     | Noticed a two-headed ogre
 13797 | D:10     | Killed a two-headed ogre
 14116 | D:10     | Noticed Snorg
 14354 | D:11     | Noticed a green ugly thing
 14390 | D:10     | Killed Snorg
 14503 | D:10     | Found a staircase to the Orcish Mines.
 14788 | D:10     | Reached *** piety under Kikubaaqudgha
 14788 | D:10     | Received a gift from Kikubaaqudgha
 14795 | D:10     | Learned a level 5 spell: Borgnjor's Vile Clutch
 15061 | D:10     | Reached skill level 11 in Necromancy
 15634 | D:10     | Found a staircase to the Lair.
 16613 | D:11     | Noticed a white ugly thing
 16931 | D:11     | Killed a white ugly thing
 16932 | D:11     | Slain by a white ugly thing

Illustrated notes

Levels and vault maps discovered:
D:1:      erik_arrival_cave_to_civilisation [erik_arrival_cave_to_hall],
          layout_rooms, minmay_door_square
D:2:      layout_basic, serial_curves, eino_curves_04, eino_curves_03,
          shapermc_ecumenical_altar_mp_urbaneastern, grunt_ministairs_6,
          chequers_serial_rivers_small_b, dreamdust_princess_corridor,
          nicolae_underground_beach, uniq_jessica
D:3:      layout_loops_cross, grunt_temple_overflow_order_and_chaos_1,
          serial_shops, shop, nicolae_shop_statue_plus, nicolae_diamond_shop,
          shop, nicolae_shop_statue_plus
D:4:      layout_cave_pools, serial_bayou_lagoon_a
D:5:      layout_rooms
D:6:      layout_rooms, minmay_temple_entry_mist
D:7:      layout_basic, mainiacjoe_overflow_alcove_1, kiku_gazebo_pond_becter,
          uniq_maggie
D:8:      layout_basic, uniq_joseph
D:9:      layout_roguey, billiards_dpeg
D:10:     layout_irregular_city, nicolae_sif_muna_condensation,
          nicolae_tso_carved_into_rock, grunt_lair_entry_orc_guard_hut,
          kennysheep_orc_monster_closet_entryway, uniq_snorg
D:11:     layout_loops_corners, introduction_to_nature_2
Temple:   eino_temple_rhombus

Skill      XL: |  1  2  3  4  5  6  7  8  9 10 11 |
---------------+----------------------------------+-----
Dodging        | 2 3 4 5 6 7 |  7.0
Fighting       | 1 2 3 4 5 7 8 |  8.0
Maces & Flails | 1 2 3 4 5 6 7 |  7.2
Necromancy     | 5 6 7 9 10 11 | 11.3
Spellcasting   | 3 4 5 6 7 |  7.1
Shields        | 1 3 4 5 6 |  6.6
Stealth        | |  1.7

Action                   |  1- 3 |  4- 6 |  7- 9 | 10-12 || total
-------------------------+-------+-------+-------+-------++-------
Melee: Whip              |    30 |    36 |       |       ||    66
       Tailslap          |     3 |    11 |    22 |    59 ||    95
       Unarmed           |     2 |       |       |       ||     2
       Club              |     1 |       |       |       ||     1
       Morningstar       |       |    86 |   169 |   340 ||   595
 Cast: Pain              |    45 |     3 |       |       ||    48
       Vampiric Draining |       |    30 |    85 |    93 ||   208
       Dispel Undead     |       |       |    18 |    15 ||    33
       Animate Dead      |       |       |       |     1 ||     1
Invok: Receive Corpses   |       |       |       |     1 ||     1
 Abil: Breathe Lightning |       |       |     2 |     2 ||     4
  Use: Scroll            |       |     4 |     1 |     4 ||     9
       Potion            |       |       |       |     1 ||     1
 Stab: Sleeping          |     1 |     4 |     3 |       ||     8
Armor: Skin              |    14 |    72 |   102 |   206 ||   394
Dodge: Dodged            |    25 |   133 |   144 |   337 ||   639
Block: Kite shield       |       |       |   140 |   247 ||   387

Table legend: (Time is in decaauts)
 A = Elapsed time spent in this place.
 B = Non-inter-level travel time spent in this place.
 C = Inter-level travel time spent in this place.
 D = Time resting spent in this place.
 E = Time spent auto-exploring this place.
 F = Levels seen in this place.
 G = Mean time per level.
                   A        B        C        D        E       F      G
               +--------+--------+--------+--------+--------+-----+--------+
         Total |  17208 |  16799 |    409 |   2535 |  11084 |  12 | 1434.0 |
       Dungeon |  16929 |  16520 |    409 |   2535 |  10846 |  11 | 1539.0 |
        Temple |    278 |    278 |      0 |      0 |    238 |   1 |  278.0 |
               +--------+--------+--------+--------+--------+-----+--------+

Top non-repeatable levels by time:
    D:10: 2339 daAuts
     D:5: 2155 daAuts
     D:7: 2054 daAuts
     D:9: 1624 daAuts
     D:2: 1449 daAuts
     D:4: 1408 daAuts
     D:6: 1316 daAuts
    D:11: 1254 daAuts
     D:8: 1176 daAuts
     D:1: 1127 daAuts
     D:3: 1024 daAuts
  Temple: 278 daAuts
